 Dungeon Crawl Stone Soup version 0.30-a0-576-g89cddaab80 (webtiles) character file.

Game seed: 658174270979213012

318 Shayle the Grave Robber (level 6, -13/37 HPs)
             Began as a Tengu Reaver on Dec 30, 2022.
             Mangled by an ogre
             ... wielding a +0 giant spiked club
              (28 damage)
             ... on level 4 of the Dungeon.
             The game lasted 00:07:34 (3632 turns).

Shayle the Grave Robber (Tengu Reaver)              Turns: 3632, Time: 00:07:35

Health: -13/37     AC:  3    Str: 13    XL:     6   Next: 45%
Magic:  10/10      EV: 14    Int: 15    God:
Gold:   198        SH:  3    Dex: 12    Spells: 8/9 levels left

rFire   . . .      SeeInvis .    a - +0 short sword
rCold   . . .      Faith    .    e - +0 buckler
rNeg    . . .      Spirit   .    l - +1 animal skin
rPois   .          Reflect  .    (helmet restricted)
rElec   .          Harm     .    (no cloak)
rCorr   .          Rampage  .    (no gloves)
Will    .....                    (boots unavailable)
Stlth   +                        (no amulet)
HPRegen 0.26/turn                (no ring)
MPRegen 0.12/turn                (no ring)

@: flying quickly and evasively, quick
A: beak, talons 3, nimble flight
a: no special abilities


You were on level 4 of the Dungeon.
You visited 1 branch of the dungeon, and saw 4 of its levels.

You collected 198 gold pieces.

Inventory:

Hand Weapons
 a - a +0 short sword (weapon)
Armour
 b - a +0 leather armour
 e - a +0 buckler (worn)
 l - a +1 animal skin (worn)
Scrolls
 f - a scroll of magic mapping {unknown}
 j - a scroll of vulnerability {unknown}
 n - a scroll of teleportation {unknown}
 q - a scroll of fear {unknown}
Potions
 c - a potion of cancellation {unknown}
 d - a potion of lignification
 g - 2 potions of resistance
 h - a potion of mutation {unknown}
 i - a potion of flight {unknown}
 k - a potion of magic {unknown}
 m - a potion of might {unknown}
 o - a potion of attraction {unknown}
 p - a potion of brilliance {unknown}


   Skills:
 + Level 3.2 Fighting
 - Level 3.2 Short Blades
 + Level 3.6 Dodging
 + Level 1.1 Shields
 - Level 2.0 Spellcasting
 - Level 4.0 Conjurations
 * Level 4.1 Necromancy
 + Level 1.7 Earth Magic


You had 8 spell levels left.
You knew the following spells:

 Your Spells              Type           Power      Damage    Failure   Level
a - Kiss of Death         Conj/Necr      52%        2d9       5%          1

Your spell library contained the following spells:

 Spells                   Type           Power      Damage    Failure   Level
 Momentum Strike          Conj/Tloc      14%        3d8       19%         2
 Hailstorm                Conj/Ice       7%         3d4       36%         3
 Call Canine Familiar     Summ           1%         N/A       65%         3
 Portal Projectile        Hex/Tloc       2%         N/A       65%         3
 Leda's Liquefaction      Hex/Erth       2%         N/A       90%         4


Dungeon Overview and Level Annotations

Branches:
Dungeon (4/15)
 Temple: D:4-7

Altars:
Elyvilon
Qazlal
Trog
Zin


Innate Abilities, Weirdness & Mutations

You have a beak for a mouth.
You have claws for feet.
Your magical nature lets you fly swiftly and evasively.


Message History

You barely miss the ogre. You claw the ogre! Your peck misses the ogre.
The ogre is moderately wounded.
You barely miss the ogre. Your kick misses the ogre. You peck the ogre.
The ogre is moderately wounded.
The ogre misses you.
You hit the ogre. You peck the ogre.
The ogre is severely wounded.
The ogre closely misses you.
You hit the ogre but do no damage. You claw the ogre, but do no damage.
You peck the ogre.
The ogre is severely wounded.
You hit the ogre. Your kick misses the ogre.
The ogre is severely wounded.
The ogre barely misses you.
You closely miss the ogre. You claw the ogre.
You kill the ogre!
Your Shields skill increases to level 1!
Your Necromancy skill increases to level 4!
You see here a +0 giant club.
Found 5 stones.
You reach down and open the door.
Found a stormy altar of Qazlal.
You reach down and open the door.
There is an open door here.
There is a stormy altar of Qazlal here.
There is an open door here.
q - a scroll labelled OLUNLA FUG An ogre comes into view.
It is wielding a +0 giant spiked club.
The ogre shouts!
You hit the ogre but do no damage. You claw the ogre.
The ogre is lightly wounded.
You hit the ogre but do no damage. You claw the ogre.
The ogre is lightly wounded.
The ogre hits you with a +0 giant spiked club!!
Ouch! That really hurt!
You hit the ogre. You claw the ogre. You peck the ogre, but do no damage.
The ogre is heavily wounded.
The ogre hits you with a +0 giant spiked club!!
Ouch! That really hurt!
You die...

#.##.#...####.#
#.#.##...#####.
###.##.#...####.###.#.###..#
#. ..#.##.#..............#
#..# #.
#.#.##.##.#####.#########..#
## #.#.##...........#
#.....# #.#.#####.#####..#
#.#.### .........># #..#
#.#.## ....####### #..#
#.#..# ### #.### #.@# #.##.#
#.. #.#### ##O# #.##.# #)#
#>...# .... #.##.# #)#
.....# ##.### #.##.# #.#
#....# #.# #.##.# #<# #.#.##
#.# #.##.# #.# #.#.## #.#
#.##.# #.# .....######
####.# #.##.# ##.#
###........ .....# #.##<#
##...


You could see an ogre.

Vanquished Creatures
  An ogre (D:4)
  An orc priest (D:3)
  2 orc wizards (D:4)
  Robin (D:3)
  5 adders
  3 worms
  A dart slug (D:4)
  9 orcs
  4 endoplasms
  13 goblins
  13 hobgoblins
  4 jackals (D:3)
  4 quokkas
  6 ball pythons
  6 bats
  2 frilled lizards
  6 kobolds
  5 rats
86 creatures vanquished.

Notes
Turn   | Place    | Note
-------+----------+-------------------------------------------
     0 | D:1      | Shayle the Tengu Reaver began the quest for the Orb.
     0 | D:1      | Reached XP level 1. HP: 12/12 MP: 4/4
   149 | D:1      | Reached skill level 1 in Necromancy
   149 | D:1      | Reached XP level 2. HP: 17/17 MP: 6/6
   665 | D:1      | Reached XP level 3. HP: 21/21 MP: 7/7
  1678 | D:3      | Reached XP level 4. HP: 25/27 MP: 8/8
  1770 | D:3      | Noticed Robin
  1787 | D:3      | Reached skill level 1 in Earth Magic
  1834 | D:3      | Killed Robin
  2028 | D:4      | Gained mutation: Your magical nature lets you fly swiftly
                  | and evasively. [Tengu growth]
  2028 | D:4      | Reached XP level 5. HP: 16/32 MP: 9/9
  2312 | D:3      | Found a white marble altar of Elyvilon.
  2623 | D:3      | Found a glowing silver altar of Zin.
  3376 | D:4      | Found a bloodstained altar of Trog.
  3392 | D:4      | Reached XP level 6. HP: 37/37 MP: 10/10
  3561 | D:4      | Reached skill level 1 in Shields
  3587 | D:4      | Found a stormy altar of Qazlal.
  3632 | D:4      | Mangled by an ogre

Illustrated notes

Levels and vault maps discovered:
D:1:      dpeg_arrival_simpleton_b, layout_basic, minmay_tripent
D:2:      layout_basic
D:3:      layout_basic, zin_treasury, lemuel_round_altar, uniq_robin
D:4:      layout_loops_ring, kennysheep_mini_moat,
          mainiacjoe_overflow_cross_hatched

Skill      XL: |  1  2  3  4  5  6 |
---------------+-------------------+-----
Necromancy     | 1 2 3 4 |  4.1
Earth Magic    | 1 |  1.7
Dodging        | 3 |  3.6
Fighting       | 3 |  3.2
Shields        | 1 |  1.1
Short Blades   | |  3.2
Spellcasting   | |  2.0
Conjurations   | |  4.0

Action                   |  1- 3 |  4- 6 || total
-------------------------+-------+-------++-------
Melee: Short sword       |   126 |   193 ||   319
       Kick              |    31 |    43 ||    74
       Peck              |    19 |    31 ||    50
  Use: Potion            |       |     3 ||     3
       Scroll            |       |     4 ||     4
 Stab: Sleeping          |     1 |     1 ||     2
Armor: Leather armour    |    28 |     4 ||    32
       Animal skin       |       |    17 ||    17
Dodge: Dodged            |    65 |   101 ||   166
Block: Buckler           |       |    16 ||    16

Table legend: (Time is in decaauts)
 A = Elapsed time spent in this place.
 B = Non-inter-level travel time spent in this place.
 C = Inter-level travel time spent in this place.
 D = Time resting spent in this place.
 E = Time spent auto-exploring this place.
 F = Levels seen in this place.
 G = Mean time per level.
                   A        B        C        D        E       F      G
               +--------+--------+--------+--------+--------+-----+--------+
         Total |   3486 |   3426 |     60 |    265 |   2311 |   4 |  871.5 |
       Dungeon |   3486 |   3426 |     60 |    265 |   2311 |   4 |  871.5 |
               +--------+--------+--------+--------+--------+-----+--------+

Top non-repeatable levels by time:
     D:3: 1037 daAuts
     D:4: 840 daAuts
     D:2: 809 daAuts
     D:1: 799 daAuts
